 Dungeon Crawl Stone Soup version 0.30-a0-739-gea05faddec (webtiles) character file.

Game seed: 8874131390762865319

252000 junb69 the Spry (level 19, -7/256 HPs)
             Began as an Octopode Transmuter on Feb 3, 2023.
             Was an Elder of Ashenzari.
             Mangled by a vault warden
             ... wielding a +2 halberd of protection
              (22 damage)
             ... on level 2 of the Vaults on Feb 4, 2023.
             The game lasted 02:17:10 (46627 turns).

junb69 the Spry (Octopode Transmuter)              Turns: 46627, Time: 02:17:10

Health: -7/256     AC: 20    Str: 27    XL:     19   Next: 67%
Magic:  0/37       EV: 19    Int: 25    God:    Ashenzari [****..]
Gold:   1841       SH:  0    Dex: 18    Spells: 5/46 levels left

rFire   + . .      SeeInvis +      - Unarmed
rCold   + . .      Faith    .    (shield currently unavailable)
rNeg    + . .      Spirit   +    (helmet currently unavailable)
rPois   +          Reflect  .    D - amulet of the Ensconced Loss {Spirit rN+ Str-2 Int+2 Slay+4, Alch, Elem} (curse)
rElec   .          Harm     .    e - ring "Chained Gloom" {Dex+6, Fort, Cun} (curse)
rCorr   +          Rampage  .    c - ring of the Visionary Sun {rCorr, Self, Fort} (curse)
Will    ++...      Clarity  +    o - ring of the Bound Vision {Ice +Blink Slay+3, Comp, Bglg} (curse)
Stlth   ++++                     y - ring of Ashenzari's Apathy {Str+6, Elem, Melee} (curse)
HPRegen 0.62/turn                h - ring of the Astral Loss {rC+ Str+3 Stlth+, Elem, Self} (curse)
MPRegen 0.25/turn                A - ring "Astral Activism" {AC+4, Alch, Evo} (curse)
                                 C - ring of wizardry
                                 M - ring of willpower

@: dragon-form, flying, studying Ice Magic, invisible, unable to read
A: dragon claw, dragon scales, breathe fire, flying, boosted hp, almost no
armour, amphibious, 8 rings, giant, (camouflage 1), (gelatinous body 1), (nimble
swimmer 1), (tentacles), clarity, mutation resistance 1, robust 2, screaming 1,
inability to read after injury 1
}: 2/15 runes: serpentine, barnacled
a: Breathe Fire, End Transformation, Renounce Religion, Evoke Blink, Curse Item,
Shatter the Chains


You were on level 2 of the Vaults.
You worshipped Ashenzari.
Ashenzari was greatly pleased with you.
You were a fearsome dragon!
You visited 6 branches of the dungeon, and saw 32 of its levels.
You also visited: Gauntlet and Ice Cave.

You collected 3201 gold pieces.
You spent 1360 gold pieces at shops.

Inventory:

Hand Weapons
 B - the cursed +3 rapier "Per Aspera Ad Scientiam" (melded) {freeze, +Blink rElec Will+ SInv, Self, Melee}
   (You found it on level 5 of the Lair of Beasts)

   rElec:     It insulates you from electricity.
   SInv:      It lets you see invisible.
   +Blink:    It lets you blink.
   Will:      It increases your willpower.
   It has a curse which improves the following skills: Introspection: Fighting
   and Spellcasting.
   Melee Combat: Short Blades, Long Blades, Axes, Maces & Flails, Polearms,
   Staves and Unarmed Combat.
 R - a +1 heavy trident
Missiles
 r - 7 throwing nets
Jewellery
 c - the cursed ring of the Visionary Sun (right foreclaw) {rCorr, Self, Fort}
   (You took it off a vampire on level 9 of the Dungeon)

   [ring of resist corrosion]

   rCorr:     It protects you from acid and corrosion.
   It has a curse which improves the following skills: Introspection: Fighting
   and Spellcasting.
   Fortitude: Shields.
 e - the cursed ring "Chained Gloom" (left foreclaw) {Dex+6, Fort, Cun}
   (You found it on level 1 of the Dungeon)

   [ring of dexterity]

   Dex:       It affects your dexterity (+6).
   It has a curse which improves the following skills: Fortitude: Shields.
   Cunning:   Dodging and Stealth.
 h - the cursed ring of the Astral Loss (on tentacle) {rC+ Str+3 Stlth+, Elem, Self}
   (You found it on level 1 of the Lair of Beasts)

   [ring of protection from cold]

   Str:       It affects your strength (+3).
   rC:        It protects you from cold.
   Stlth:     It makes you more stealthy.
   It has a curse which improves the following skills: Elements: Fire Magic, Ice
   Magic, Air Magic and Earth Magic.
   Introspection: Fighting and Spellcasting.
 o - the cursed ring of the Bound Vision (on tentacle) {Ice +Blink Slay+3, Comp, Bglg}
   (You acquired it on level 1 of the Lair of Beasts)

   [ring of ice]

   It enhances your ice magic.
   Slay:      It affects your accuracy & damage with ranged weapons and melee
   (+3).
   rF:        It makes you vulnerable to fire.
   rC:        It protects you from cold.
   +Blink:    It lets you blink.
   It has a curse which improves the following skills: Companions: Summonings
   and Necromancy.
   Beguiling: Conjurations, Hexes and Translocations.
 y - the cursed ring of Ashenzari's Apathy (on tentacle) {Str+6, Elem, Melee}
   (You found it on level 1 of the Lair of Beasts)

   [ring of strength]

   Str:       It affects your strength (+6).
   It has a curse which improves the following skills: Elements: Fire Magic, Ice
   Magic, Air Magic and Earth Magic.
   Melee Combat: Short Blades, Long Blades, Axes, Maces & Flails, Polearms,
   Staves and Unarmed Combat.
 A - the cursed ring "Astral Activism" (on tentacle) {AC+4, Alch, Evo}
   (You found it on level 5 of the Lair of Beasts)

   [ring of protection]

   AC:        It affects your AC (+4).
   It has a curse which improves the following skills: Alchemy: Poison Magic and
   Transmutations.
   Evocations: Evocations.
 C - a ring of wizardry (on tentacle)
 D - the cursed amulet of the Ensconced Loss (around neck) {Spirit rN+ Str-2 Int+2 Slay+4, Alch, Elem}
   (You found it on level 5 of the Lair of Beasts)

   [amulet of guardian spirit]

   It causes incoming damage to be divided between your reserves of health and
   magic.
   Str:       It affects your strength (-2).
   Int:       It affects your intelligence (+2).
   Slay:      It affects your accuracy & damage with ranged weapons and melee
   (+4).
   rN:        It protects you from negative energy.
   It has a curse which improves the following skills: Alchemy: Poison Magic and
   Transmutations.
   Elements:  Fire Magic, Ice Magic, Air Magic and Earth Magic.
 M - a ring of willpower (on tentacle)
 N - a ring of positive energy
 P - a ring of fire
Wands
 a - a wand of mindburst (6)
 f - a wand of acid (17)
 u - a wand of digging (14)
 z - a wand of roots (16)
 J - a wand of polymorph (5)
 Q - a wand of flame (4)
Scrolls
 b - 2 scrolls of enchant armour
 d - 4 scrolls of fear
 l - 12 scrolls of teleportation
 m - 4 scrolls of blinking
 t - 4 scrolls of butterflies
 v - 3 scrolls of amnesia
 w - 4 scrolls of magic mapping
 E - 7 scrolls of fog
 I - 2 scrolls of enchant weapon
Potions
 g - 10 potions of curing
 q - 6 potions of flight
 s - 3 potions of brilliance
 x - 2 potions of might
 F - 2 potions of cancellation
 G - 2 potions of magic
 H - 2 potions of invisibility
 K - 2 potions of haste
Miscellaneous
 i - a lightning rod (4/4)
 n - a phantom mirror
 p - a tin of tremorstones (2/2)
 S - a phial of floods


   Skills:
 - Level 13.5(16.4) Fighting
 - Level 17.9(19.7) Dodging
 - Level 3.4(5.1) Stealth
 - Level 14.6(16.5) Unarmed Combat
 - Level 11.4(14.3) Spellcasting
 * Level 3.8(5.6) Conjurations
 - Level 9.1(11.0) Hexes
 - Level 13.3(16.2) Transmutations
 * Level 3.8(7.3) Fire Magic
 - Level 6.9(10.8) Ice Magic
 - Level 11.4(15.3) Earth Magic
 - Level 9.0(11.0) Evocations


You had 5 spell levels left.
You knew the following spells:

 Your Spells              Type           Power      Damage    Failure   Level
a - Enfeeble              Hex            32%        N/A       12%         7
b - Fire Storm            Conj/Fire      25%        8d6       100%        9
d - Dragon Form           Tmut           39%        N/A       1%          7
e - Apportation           Tloc           38%        N/A       1%          1
f - Statue Form           Tmut/Erth      51%        N/A       1%          6
g - Portal Projectile     Hex/Tloc       92%        N/A       1%          3
h - Tukima's Dance        Hex            65%        N/A       1%          3
i - Borgnjor's Vile Clut  Necr/Erth      27%        N/A       1%          5

Your spell library contained the following spells:

 Spells                   Type           Power      Damage    Failure   Level
 Beastly Appendage        Tmut           100%       N/A       0%          1
 Passwall                 Tmut/Erth      64%        N/A       0%          2
 Wereblood                Tmut           78%        N/A       0%          2
 Foxfire                  Conj/Fire      100%       2x1d9     1%          1
 Freeze                   Ice            100%       1d10      1%          1
 Magic Dart               Conj           100%       1d8       1%          1
 Necrotise                Necr           76%        1d7       1%          1
 Sting                    Tmut/Pois      100%       1d8       1%          1
 Summon Small Mammal      Summ           76%        N/A       1%          1
 Call Imp                 Summ           19%        N/A       1%          2
 Ensorcelled Hibernation  Hex/Ice        100%       N/A       1%          2
 Poisonous Vapours        Pois/Air       40%        N/A       1%          2
 Sublimation of Blood     Necr           19%        N/A       1%          2
 Dazzling Flash           Conj/Hex       100%       N/A       1%          3
 Frozen Ramparts          Ice            100%       1d16      1%          3
 Hailstorm                Conj/Ice       73%        3d15      1%          3
 Kindle Blastsparks       Fire/Tloc/Air  62%        2d15      1%          3
 Mephitic Cloud           Conj/Pois/Air  28%        N/A       1%          3
 Spider Form              Tmut/Pois      56%        N/A       1%          3
 Stone Arrow              Conj/Erth      100%       3d13      1%          3
 Summon Guardian Golem    Hex/Summ       46%        N/A       1%          3
 Anguish                  Hex/Necr       23%        N/A       1%          4
 Cause Fear               Hex            32%        N/A       1%          4
 Ice Form                 Ice/Tmut       91%        N/A       1%          4
 Summon Ice Beast         Ice/Summ       62%        N/A       1%          4
 Alistair's Intoxication  Tmut/Pois      37%        N/A       1%          5
 Blade Hands              Tmut           39%        N/A       1%          5
 Lee's Rapid Deconstruct  Erth           38%        3d19*     1%          5
 Fireball                 Conj/Fire      25%        3d11      2%          5
 Swiftness                Air            20%        N/A       3%          3
 Freezing Cloud           Conj/Ice/Air   31%        6-21      3%          5
 Iskenderun's Mystic Bla  Conj/Tloc      32%        2d8       4%          4
 Arcjolt                  Conj/Air       16%        1d26      10%         5
 Lightning Bolt           Conj/Air       16%        1d30      10%         5
 Airstrike                Air            10%        2d(2-18)  11%         4
 Olgreb's Toxic Radiance  Pois           19%        N/A       11%         4
 Summon Lightning Spire   Summ/Air       19%        N/A       11%         4
 Summon Forest            Summ/Tloc      9%         N/A       30%         5
 Eringya's Noxious Bog    Tmut/Pois      28%        N/A       6%          6
 Starburst                Conj/Fire      25%        6d8       14%         6
 Orb of Destruction       Conj           23%        9d8       67%         7
 Shatter                  Erth           38%        3d30*     91%         9
 Spellforged Servitor     Conj/Summ      16%        N/A       95%         7
 Summon Hydra             Summ           9%         N/A       100%        7
 Chain Lightning          Conj/Air       16%        3d22      100%        9
 Dragon's Call            Summ           9%         N/A       100%        9


Dungeon Overview and Level Annotations

Branches:
Dungeon (15/15)            Temple (0/1) D:6            Lair (5/5) D:10
 Shoals (4/4) Lair:2        Snake (4/4) Lair:3        Slime (0/5) Lair:5
    Orc (2/2) D:12            Elf (0/3) Orc:2        Vaults (2/5) D:13
 Depths (0/4) D:15          IceCv (visited)         Gauntlet (visited)
  Crypt: Vaults:2-3

Altars:
Ashenzari
Cheibriados
Dithmenos
Elyvilon
Hepliaklqana
Kikubaaqudgha
Nemelex Xobeh
Okawaru
Qazlal
Xom
Zin

Shops:
Orc:2 :*[[   Shoals:4 [   Snake:4 :   Vaults:1 [

Portals:
Abyss: D:3
Trove: Vaults:1 (give 20 potions of curing)

Annotations:
Lair:2 3 runed translucent doors, exclusion: hydra, jazmu's ghost, journeyman GrHs


Innate Abilities, Weirdness & Mutations

You are a fearsome dragon!
You have a powerful clawing attack.
Your giant scaled body is strong and resiliant, but less evasive.
You can breathe fire.
You are flying.
Your maximum health is greatly increased.
Your armour is entirely melded.
You are incapable of wielding weapons or throwing items.
You cannot wear most types of armour.
You are amphibious.
You can wear up to eight rings at the same time.
((Your skin changes colour to match your surroundings (Stealth+).))
((Your rubbery body absorbs attacks. (AC +1, EV +1)))
((You are camouflaged when in or above water. (Stealth+)))
((You have tentacles for arms and can constrict up to eight enemies at once.))
You possess an exceptional clarity of mind.
You are somewhat resistant to further mutation.
You are very robust. (+20% HP)
You occasionally shout uncontrollably at your foes.
You occasionally lose the ability to read scrolls when taking damage.


Message History

You kill the ironbound convoker!
The vault warden barely misses you. The deep troll bites you.
* * * LOW HITPOINT WARNING * * *
The deep troll completely misses you. The deep troll claws you.
* * * LOW HITPOINT WARNING * * *
Electricity crackles from the ironbound thunderhulk's apparatus.
The bolt of lightning misses you.
You feel much better.
The deep troll bites you but does no damage.
The deep troll claws you but does no damage.
The deep troll misses you.
The vault warden hits you from afar with a +2 halberd of protection!!
* * * LOW HITPOINT WARNING * * *
You cannot read scrolls in your current state!
Unknown command.
You fade into invisibility!
The deep troll barely misses you. The deep troll closely misses you.
The deep troll completely misses you.
The vault warden hits you from afar with a +2 halberd of protection!
* * * LOW HITPOINT WARNING * * *
You feel much better.
The deep troll bites you but does no damage.
The deep troll barely misses you. The deep troll completely misses you.
The vault warden completely misses you.
You feel much better. The deep troll bites you.
* * * LOW HITPOINT WARNING * * *
The deep troll claws you!
* * * LOW HITPOINT WARNING * * *
The deep troll completely misses you. The vault warden misses you.
Strange energies crackle from the ironbound thunderhulk's apparatus.
You bite the deep troll!!
The deep troll is severely wounded.
The vault warden hits you from afar with a +2 halberd of protection!!
* * * LOW HITPOINT WARNING * * *
The deep troll closely misses you. The deep troll barely misses you.
The deep troll claws you but does no damage.
You maul the deep troll!!!
You kill the deep troll!
The vault warden hits you from afar with a +2 halberd of protection!!
You die...

* , ,,,, ,
,, , *
**#......#
****** *
#......#
#......#
#......#
#......#
#..p)..#
**
#..))).#
*** * ,, *
#..OD.!#
,, * , *
#...[[.# *
*, *
#?.....# *
+* ,,,
#...)..# *
, ,,
#......#*
, ,, ,
#......# ,
, ,,,
#......# ,
,, , ,
#......#**
, ,,,*
#......#
** ,, ,


You could see a vault warden and an ironbound thunderhulk (unable to see you).

Vanquished Creatures
  Saint Roka (Orc:2)
  Jorgrun (D:15)
  Rupert (D:13)
  Asterion (Snake:2)
  Kirke (D:14)
  Roxanne (Shoals:1)
  Agnes (D:14)
  5 nagarajas
  The ghost of Vikhos the Magus, a journeyman NaVM of Nemelex Xobeh (Shoals:1)
  3 vault wardens (Vaults:1)
  Louise (Shoals:1)
  Aizul (Snake:2)
  An orc warlord (Orc:1)
  A reaper (IceCv)
  7 ironbound preservers
  An ironbound thunderhulk (Vaults:1)
  A juggernaut skeleton (D:15)
  A minotaur (Gauntlet)
  2 dire elephants (Lair:5)
  2 merfolk javelineers
  7 merfolk impalers
  Josephine (D:15)
  2 great orbs of eyes (Vaults:1)
  An ice dragon (Lair:3)
  2 vault guards
  2 ogre magi (Orc:1)
  5 hydras
  2 catoblepae (Gauntlet)
  2 merfolk aquamancers (Shoals:4)
  4 ironbound frosthearts (Vaults:1)
  9 anacondas
  A spriggan skeleton (D:15)
  2 merfolk avatars
  14 centaur warriors
  The ghost of kae the Geomancer, a journeyman GrEE of Vehumet (Lair:1)
  4 two-headed ogres
  5 satyrs
  3 alligator snapping turtles (Shoals:4)
  5 boulder beetles
  A dancing weapon (Shoals:1)
  13 naga warriors
  An orc high priest (Orc:1)
  7 death yaks
  6 naga sharpshooters
  Nergalle (Orc:1)
  2 shock serpents
  A tengu warrior (D:15)
  2 large abominations (Gauntlet)
  A deep elf knight (Orc:1)
  A fire crab (Lair:5)
  4 salamander mystics
  2 skeletal warriors (D:15)
  A flayed ghost (D:15)
  A goliath frog (Lair:5)
  16 sea snakes
  17 deep trolls
  A glowing orange brain (Vaults:1)
  4 lindwurms (Vaults:1)
  4 naga ritualists
  6 ironbound convokers
  2 wizards
  A harpy (shapeshifter) (D:15)
  5 necromancers
  8 ugly things
  4 orc knights
  3 deep elf pyromancers
  6 oklob plants
  10 fauns
  14 mana vipers
  2 orc sorcerers (Orc:1)
  6 cyclopes
  10 manticores
  12 elephants
  12 salamanders
  2 ice statues (IceCv)
  7 merfolk sirens
  6 vault sentinels (Vaults:1)
  A torpor snail (Lair:2)
  2 stone giant skeletons (D:15)
  32 black mambas
  7 naga magi
  A water nymph (Shoals:1)
  4 guardian serpents
  Psyche (D:10)
  26 cane toads
  2 molten gargoyles (Gauntlet)
  Maggie (D:9)
  4 gargoyles
  4 rime drakes
  A minotaur zombie (Gauntlet)
  3 freezing wraiths
  A tengu conjurer (D:15)
  15 komodo dragons
  8 yaktaurs (Vaults:1)
  6 ice devils
  2 anaconda simulacra (IceCv)
  A queen bee (Lair:1)
  7 trolls
  3 tyrant leeches (Lair:5)
  33 merfolk
  4 hornets
  2 polar bears (Lair:3)
  Grinder (D:3)
  3 meliai (D:11)
  4 snapping turtles
  33 blink frogs
  10 wind drakes
  A blink frog (shapeshifter) (D:13)
  Sigmund (D:3)
  14 dream sheep
  10 slime creatures
  2 vampires
  57 yaks
  4 water elementals
  7 wraiths
  18 humans (D:13)
  9 wyverns
  6 hogs (D:14)
  3 dire elephant simulacra (IceCv)
  An unseen horror simulacrum (D:9)
  5 basilisks
  2 steam dragons
  6 wargs
  3 harpy simulacra (IceCv)
  27 nagas
  14 vampire mosquitoes
  Duvessa (D:6)
  2 hydra simulacra (IceCv)
  2 floating eyes (Orc:1)
  3 acid dragons
  20 water moccasins
  46 orc warriors
  A black bear (Lair:1)
  An ice beast (D:7)
  2 sky beasts (D:7)
  7 boggarts
  7 ogres
  22 centaurs
  3 small abominations (Gauntlet)
  9 wolves
  5 kobold brigands
  16 bullfrogs
  A cane toad simulacrum (IceCv)
  3 necrophages
  2 gnoll sergeants (D:10)
  2 scorpions (Lair:5)
  8 wights
  Dowan (D:6)
  3 jellies
  24 killer bees
  9 electric eels
  3 howler monkeys
  A crimson imp (D:3)
  The ghost of derval the Caller, a weakling OpSu (D:3)
  18 orc priests
  A gnoll bouda (D:6)
  8 hounds
  Terence (D:3)
  9 iguanas
  27 orc wizards
  A polar bear simulacrum (IceCv)
  3 spriggan simulacra
  A wolf simulacrum (Lair:3)
  A mummy (D:7)
  Robin (D:3)
  12 gnolls
  3 adders
  A naga simulacrum (Lair:3)
  A shadow imp (D:8)
  A white imp (IceCv)
  2 ufetubi (D:3)
  3 worms
  A dart slug (D:1)
  81 orcs
  9 endoplasms
  5 giant cockroaches
  8 goblins
  7 hobgoblins
  3 jackals (D:2)
  25 kobolds
  2 quokkas
  8 ball pythons
  8 bats
  2 frilled lizards
  A rat (D:3)
  A plant (Shoals:4)
  2 withered plants (D:13)
1182 creatures vanquished.

Vanquished Creatures (others)
  A wizard (Vaults:1)
  A rime drake (Lair:3)
  A yak (D:7)
  A boggart (D:15)
  A bush (Lair:5)
  45 fungi
  249 plants
  10 withered plants
309 creatures vanquished.

Grand Total: 1491 creatures vanquished

Notes
Turn   | Place    | Note
-------+----------+-------------------------------------------
     0 | D:1      | junb69 the Octopode Transmuter began the quest for the Orb.
     0 | D:1      | Reached XP level 1. HP: 13/13 MP: 3/3
   223 | D:1      | Reached XP level 2. HP: 16/18 MP: 3/5
   840 | D:2      | Reached XP level 3. HP: 23/23 MP: 4/6
  1820 | D:3      | Reached XP level 4. HP: 23/28 MP: 8/8
  1825 | D:3      | Learned a level 4 spell: Ice Form
  1930 | D:3      | Noticed Grinder
  2179 | D:3      | Noticed Sigmund
  2259 | D:3      | Noticed Robin
  2610 | D:3      | Killed Robin
  2611 | D:3      | Reached skill level 1 in Ice Magic
  2662 | D:3      | Found a transporter.
  2748 | D:3      | Found a one-way gate to the infinite horrors of the Abyss.
  2766 | D:3      | Found a transporter.
  2903 | D:4      | Noticed a necrophage
  3190 | D:4      | Killed a necrophage
  3191 | D:4      | Reached XP level 5. HP: 31/33 MP: 1/9
  3343 | D:4      | Found a broken altar of Ashenzari.
  3374 | D:4      | Identified the +5 whip of Monuisis {elec, rC+ Dex+5}
  3406 | D:4      | Became a worshipper of Ashenzari the Shackled
  3955 | D:4      | Reached XP level 6. HP: 38/38 MP: 6/10
  4010 | D:5      | Entered Level 5 of the Dungeon
  4277 | D:5      | Noticed an orc warrior
  4341 | D:5      | Reached skill level 3 in Dodging
  4442 | D:5      | Found a white marble altar of Elyvilon.
  4486 | D:5      | Reached XP level 7. HP: 35/43 MP: 7/11
  4764 | D:5      | Learned a level 3 spell: Dazzling Flash
  5056 | D:3      | Noticed Terence
  5068 | D:3      | Killed Terence
  5273 | D:3      | Killed Sigmund
  5274 | D:3      | Reached XP level 8. HP: 51/54 MP: 9/14
  5280 | D:3      | Noticed derval's ghost (weakling OpSu)
  5480 | D:3      | Killed derval's ghost
  5684 | D:3      | Killed Grinder
  5685 | D:3      | Reached skill level 5 in Spellcasting
  6475 | D:6      | Reached skill level 5 in Unarmed Combat
  6665 | D:6      | Found a staircase to the Ecumenical Temple.
  6712 | D:6      | Noticed Duvessa
  6728 | D:6      | Gained mutation: You sometimes lose your temper in combat.
                  | [potion of mutation]
  6728 | D:6      | Gained mutation: You are robust. (+10% HP) [potion of
                  | mutation]
  6728 | D:6      | Gained mutation: You occasionally shout uncontrollably at
                  | your foes. [potion of mutation]
  6728 | D:6      | Gained mutation: Your system is resistant to poisons.
                  | (rPois) [potion of mutation]
  6729 | D:6      | Lost mutation: You sometimes lose your temper in combat.
                  | [potion of mutation]
  6729 | D:6      | Lost mutation: Your system is resistant to poisons. (rPois)
                  | [potion of mutation]
  6729 | D:6      | Gained mutation: You possess an exceptional clarity of
                  | mind. [potion of mutation]
  6729 | D:6      | Gained mutation: You are very robust. (+20% HP) [potion of
                  | mutation]
  6729 | D:6      | Gained mutation: You are somewhat resistant to further
                  | mutation. [potion of mutation]
  6785 | D:6      | Killed Duvessa
  6785 | D:6      | Noticed Dowan
  6786 | D:6      | Reached skill level 5 in Transmutations
  6950 | D:6      | Reached XP level 9. HP: 72/72 MP: 13/16
  6989 | D:6      | Reached skill level 5 in Fighting
  7053 | D:6      | Killed Dowan
  7112 | D:6      | Found a stormy altar of Qazlal.
  7913 | D:7      | Found a snail-covered altar of Cheibriados.
  8151 | D:7      | Reached XP level 10. HP: 68/85 MP: 14/17
  9124 | D:8      | Noticed a two-headed ogre
  9795 | D:8      | Reached skill level 1 in Stealth
 10236 | D:9      | Noticed Maggie
 10256 | D:9      | Killed Maggie
 10257 | D:9      | Reached skill level 4 in Dodging
 10521 | D:9      | Found a large runed translucent door.
 10548 | D:9      | Found a large runed translucent door.
 10612 | D:9      | Found a large runed translucent door.
 10612 | D:9      | Found a large runed translucent door.
 10613 | D:9      | Noticed a six-headed hydra
 10701 | D:9      | HP: 5/105 [orc priest/divine providence (15)]
 10702 | D:10     | Entered Level 10 of the Dungeon
 11147 | D:9      | Found a sparkling altar of Nemelex Xobeh.
 11361 | D:9      | Noticed a two-headed ogre
 11370 | D:9      | Killed a two-headed ogre
 11371 | D:9      | Reached skill level 10 in Unarmed Combat
 11371 | D:9      | Reached XP level 11. HP: 87/97 MP: 13/18
 12247 | D:8      | Killed a two-headed ogre
 12248 | D:8      | Reached skill level 5 in Dodging
 12744 | D:10     | Found a staircase to the Lair.
 12905 | D:10     | Found a glowing silver altar of Zin.
 13213 | D:10     | Noticed a two-headed ogre
 13249 | D:10     | Killed a two-headed ogre
 13444 | D:10     | Reached skill level 5 in Ice Magic
 13738 | D:10     | Found a hazy altar of Hepliaklqana.
 13765 | D:10     | Found an iron altar of Okawaru.
 13904 | Lair:1   | Entered Level 1 of the Lair of Beasts
 14142 | D:10     | Noticed Psyche
 14156 | D:10     | Killed Psyche
 14374 | D:10     | Reached XP level 12. HP: 42/104 MP: 19/22
 14584 | Lair:1   | Found a transporter.
 14586 | Lair:1   | Found a transporter.
 14587 | Lair:1   | Noticed kae's ghost (journeyman GrEE)
 14698 | Lair:1   | Found a shadowy altar of Dithmenos.
 14829 | Lair:1   | Reached skill level 6 in Dodging
 14916 | Lair:1   | Reached * piety under Ashenzari
 14916 | Lair:1   | Identified a scroll of acquirement
 14928 | Lair:1   | Acquired the ring "Qevumeow" {Ice +Blink Slay+3}
 15330 | Lair:1   | Learned a level 7 spell: Dragon Form
 15924 | Lair:2   | Noticed a seven-headed hydra
 15929 | Lair:2   | Learned a level 1 spell: Apportation
 16274 | Lair:2   | Found a runed translucent gate.
 16274 | Lair:2   | Found a runed translucent gate.
 16274 | Lair:2   | Found a runed translucent gate.
 16662 | Lair:2   | Noticed a death yak
 16668 | Lair:2   | Noticed a death yak
 16668 | Lair:2   | Noticed a death yak
 16695 | Lair:2   | Killed a death yak
 16701 | Lair:2   | Killed a death yak
 16875 | Lair:2   | Found a staircase to the Shoals.
 16880 | Lair:2   | Noticed a death yak
 16883 | Lair:2   | Noticed a death yak
 16894 | Lair:2   | Noticed a death yak
 16899 | Lair:2   | Killed a death yak
 16904 | Lair:2   | Killed a death yak
 16905 | Lair:2   | Reached XP level 13. HP: 85/111 MP: 25/27
 16914 | Lair:2   | Reached skill level 10 in Transmutations
 17251 | Lair:2   | Noticed a minotaur
 17253 | Lair:2   | Noticed jazmu's ghost (journeyman GrHs)
 17707 | Lair:3   | Found a staircase to the Snake Pit.
 17740 | Lair:3   | Reached skill level 10 in Spellcasting
 18160 | Lair:3   | Reached ** piety under Ashenzari
 18852 | Lair:3   | Noticed an ice dragon
 20888 | D:12     | Reached XP level 14. HP: 121/121 MP: 23/30
 20983 | D:12     | Identified the +12 rapier of Huestruexi {vamp, rPois}
 21466 | D:12     | Found a staircase to the Orcish Mines.
 21598 | Orc:1    | Entered Level 1 of the Orcish Mines
 21901 | Orc:1    | Reached skill level 10 in Fighting
 22052 | Orc:1    | Noticed Nergalle
 22074 | Orc:1    | Killed Nergalle
 22135 | Orc:1    | Noticed an orc warlord
 22163 | Orc:1    | Killed an orc warlord
 22703 | Orc:2    | Entered Level 2 of the Orcish Mines
 22933 | Orc:2    | Found a staircase to the Elven Halls.
 23260 | Orc:1    | Gained mutation: You occasionally lose the ability to read
                  | scrolls when taking damage. [mutagenic glow]
 23340 | Orc:2    | Reached skill level 1 in Evocations
 23353 | Orc:2    | Reached skill level 1 in Earth Magic
 23507 | Orc:2    | Noticed Saint Roka
 23732 | Orc:2    | Killed Saint Roka
 24211 | Orc:2    | Found Guulloir's Assorted Antiques.
 24211 | Orc:2    | Found Kuesyets's Antique Armour Shoppe.
 24213 | Orc:2    | Found Pol Arih's Armour Emporium.
 24215 | Orc:2    | Found Oshrijif's Book Boutique.
 24900 | Lair:3   | Reached skill level 7 in Dodging
 25264 | Lair:4   | Found a frozen archway.
 25274 | Lair:4   | Reached skill level 8 in Dodging
 25278 | IceCv    | Entered an ice cave
 25319 | IceCv    | Reached XP level 15. HP: 129/129 MP: 24/31
 25650 | IceCv    | Reached skill level 9 in Dodging
 26819 | Lair:5   | Entered Level 5 of the Lair of Beasts
 27252 | Lair:5   | Identified the +2 leather armour of the Fifty Wars {rF+
                  | Stlth+}
 27252 | Lair:5   | Identified the +3 rapier of Valour {freeze, +Blink rElec
                  | Will+ SInv}
 27274 | Lair:5   | Reached *** piety under Ashenzari
 27521 | Lair:5   | Reached **** piety under Ashenzari
 27795 | Lair:5   | Reached skill level 5 in Evocations
 28052 | Lair:5   | Identified the amulet of Untruth {Spirit rN+ Str-2 Int+2
                  | Slay+4}
 28434 | Lair:5   | Found a staircase to the Slime Pits.
 29039 | Lair:1   | Identified the ring of Orthodoxy {rC+ Str+3 Stlth+}
 29064 | Lair:1   | Killed kae's ghost
 29605 | D:13     | Noticed Rupert
 29619 | D:13     | Killed Rupert
 29620 | D:13     | Reached XP level 16. HP: 142/142 MP: 18/32
 30087 | D:13     | Found a gate to the Vaults.
 30548 | D:13     | Found an ancient bone altar of Kikubaaqudgha.
 30719 | D:14     | Identified the +1 robe of Honour {Will+ Int+4}
 30901 | D:14     | Noticed Agnes
 30917 | D:14     | Killed Agnes
 31262 | D:14     | Noticed Kirke
 31299 | D:14     | Killed Kirke
 31299 | D:14     | Identified the cursed ring "Chained Gloom" {Dex+6, Fort,
                  | Cun} (You found it on level 1 of the Dungeon)
 31299 | D:14     | Identified the cursed ring of the Visionary Sun {rCorr,
                  | Self, Fort} (You took it off a vampire on level 9 of the
                  | Dungeon)
 31299 | D:14     | Identified the cursed ring of Ashenzari's Apathy {Str+6,
                  | Elem, Melee} (You found it on level 1 of the Lair of
                  | Beasts)
 31299 | D:14     | Identified the cursed ring "Astral Activism" {AC+4, Alch,
                  | Evo} (You found it on level 5 of the Lair of Beasts)
 31546 | D:14     | Learned a level 7 spell: Enfeeble
 31661 | D:15     | Entered Level 15 of the Dungeon
 31678 | D:15     | Learned a level 9 spell: Shatter
 31686 | D:15     | Noticed Jorgrun
 31697 | D:15     | Killed Jorgrun
 31758 | D:15     | Found a gate leading to a gauntlet.
 31799 | Gauntlet | Entered a Gauntlet
 31799 | Gauntlet | Found a transporter.
 31799 | Gauntlet | Found a runed translucent door.
 31799 | Gauntlet | Found a runed translucent door.
 31804 | Gauntlet | Found a transporter.
 31808 | Gauntlet | Found a transporter.
 31855 | Gauntlet | Found a transporter.
 31856 | Gauntlet | Found a transporter.
 31861 | Gauntlet | Found a runed translucent gate.
 31863 | Gauntlet | Found a runed translucent gate.
 31863 | Gauntlet | Found a transporter.
 31865 | Gauntlet | Found a runed translucent gate.
 31882 | Gauntlet | Identified the +1 pair of gloves of Exclusion {rElec rPois
                  | rCorr Str-3}
 31884 | Gauntlet | Found a transporter.
 31895 | Gauntlet | Found a transporter.
 31905 | Gauntlet | Found a transporter.
 31908 | Gauntlet | Identified the ring "Atziaf" {Will- rCorr Str+6}
 31927 | Gauntlet | Found a transporter.
 31940 | Gauntlet | Found a transporter.
 31942 | Gauntlet | Found a transporter.
 32011 | Gauntlet | Found a transporter.
 32017 | Gauntlet | Found a runed translucent door.
 32017 | Gauntlet | Found a runed translucent door.
 32189 | Gauntlet | Identified the Commentary on the Bewitching Squall
 32189 | Gauntlet | Identified the Folio of Vapour
 32198 | Gauntlet | Reached skill level 5 in Hexes
 32518 | D:15     | Noticed Josephine
 32524 | D:15     | Killed Josephine
 32681 | D:15     | Found a staircase to the Depths.
 32991 | Snake:1  | Entered Level 1 of the Snake Pit
 33582 | Snake:1  | Reached XP level 17. HP: 152/152 MP: 28/34
 34171 | Snake:2  | Reached skill level 10 in Dodging
 34237 | Snake:2  | Noticed Aizul
 34243 | Snake:2  | Killed Aizul
 34252 | Snake:2  | Noticed Asterion
 34263 | Snake:2  | Killed Asterion
 35436 | Snake:3  | Reached skill level 11 in Dodging
 35902 | Snake:3  | Reached skill level 12 in Dodging
 36674 | Snake:4  | Entered Level 4 of the Snake Pit
 37016 | Snake:4  | Found Tapsel's Self-Improvement Boutique.
 37053 | Snake:4  | Bought a manual of Dodging for 1360 gold pieces
 37240 | Snake:4  | Reached skill level 13 in Dodging
 37413 | Snake:4  | Reached skill level 14 in Dodging
 37712 | Snake:4  | Reached skill level 15 in Dodging
 37830 | Snake:4  | Reached XP level 18. HP: 164/164 MP: 29/36
 37857 | Snake:4  | Reached skill level 16 in Dodging
 37876 | Snake:4  | Got a serpentine rune of Zot
 38304 | Shoals:1 | Entered Level 1 of the Shoals
 38323 | Shoals:1 | Found a runed translucent door.
 38323 | Shoals:1 | Found a shimmering altar of Xom.
 38323 | Shoals:1 | Noticed Vikhos's ghost (journeyman NaVM)
 38323 | Shoals:1 | Identified the ring "Juaviet" {Fly Str+6}
 38330 | Shoals:1 | Killed Vikhos's ghost
 38670 | Shoals:1 | Noticed Louise
 38681 | Shoals:1 | Killed Louise
 38682 | Shoals:1 | Reached skill level 17 in Dodging
 38932 | Shoals:1 | Identified Roxanne's Folio of Orogeny
 38932 | Shoals:1 | Noticed Roxanne
 38944 | Shoals:1 | Killed Roxanne
 38958 | Shoals:1 | Learned a level 6 spell: Statue Form
 38962 | Shoals:1 | Learned a level 3 spell: Portal Projectile
 38966 | Shoals:1 | Learned a level 3 spell: Tukima's Dance
 38972 | Shoals:1 | Learned a level 5 spell: Borgnjor's Vile Clutch
 41577 | Shoals:3 | Reached skill level 5 in Earth Magic
 42302 | Shoals:4 | Entered Level 4 of the Shoals
 42733 | Shoals:4 | Identified the +5 morningstar of Brutal Revenge {venom,
                  | *Corrode rElec rC++ Int+2}
 43860 | Shoals:4 | Found Orolucri's Armour Shop.
 43870 | Shoals:4 | Got a barnacled rune of Zot
 44424 | Vaults:1 | Entered Level 1 of the Vaults
 44450 | Vaults:1 | Found Dolaqatzah's Antique Armour Shoppe.
 44461 | Vaults:1 | Reached XP level 19. HP: 171/171 MP: 37/37
 45196 | Vaults:1 | Reached skill level 10 in Earth Magic
 46160 | Vaults:1 | Found a portal to a secret trove of treasure.
 46246 | Vaults:1 | Upgraded the game from 0.30-a0-738-g116ff8c4af to
                  | 0.30-a0-739-gea05faddec
 46257 | Vaults:1 | Learned a level 9 spell: Fire Storm
 46334 | Vaults:2 | Reached skill level 1 in Conjurations
 46334 | Vaults:2 | Reached skill level 1 in Fire Magic
 46623 | Vaults:2 | HP: 9/256 [vault warden/+2 halberd of protection (15)]
 46627 | Vaults:2 | Mangled by a vault warden

Illustrated notes

Levels and vault maps discovered:
D:1:      dpeg_arrival_more_subterranean_lakeside_camping, layout_basic
D:2:      layout_loops_ring, nicolae_hexahallways, kennysheep_pointless_box
D:3:      layout_basic, gammafunk_ghost_abyssal_escape, uniq_terence,
          uniq_robin, uniq_grinder, uniq_sigmund
D:4:      layout_cave_pools, ashenzari_conservatory_becter
D:5:      layout_gridville, lemuel_doored_altar
D:6:      layout_rooms, nicolae_qazlal_general_emergency,
          minmay_temple_entry_grid, uniq_duvessa
D:7:      layout_loops_cross, slow_altar_2
D:8:      layout_basic
D:9:      layout_roguey, marbit_many_paths, grunt_ministairs_9,
          minmay_misc_feat_diagonals, minmay_hollow_rounded_squares, uniq_maggie
D:10:     layout_roguey, mainiacjoe_overflow_surrounded_room, minitemple,
          erik_lair_island, nicolae_water_bricks, uniq_psyche
D:11:     layout_loops_ring
D:12:     layout_long_grid, hiddenorc1_lemuel
D:13:     layout_loops_ring, grunt_vaults_entry_tiered,
          kiku_gazebo_garden_becter, uniq_rupert
D:14:     layout_basic, chequers_serial_rivers_micro_a, uniq_agnes, uniq_kirke
D:15:     gammafunk_depths_entry_grave, layout_rooms, gauntlet_entry_generic,
          minivault_26, amcnicky_mini_pool_small, uniq_jorgrun, uniq_josephine
Lair:1:   beast_lair_carwin_large_4, layout_regular_city, basic_altar,
          gammafunk_ghost_hive, chequers_serial_rivers_small_3,
          grunt_megastairs_3, lemuel_fruit_fields, infiniplex_staircase_pool_2
Lair:2:   layout_loops_ring, shoals_dummy_entry, maelrawn_ghost_gauntlet_escape
Lair:3:   dreamdust_isle_of_ice, layout_chaotic_city,
          minmay_snake_entry_six_corridors, lemuel_fruit_fields
Lair:4:   layout_regular_city, portal_ice_cave_rime, serial_bayou_lake_a
Lair:5:   minmay_lair_end_frog_pond, layout_loops_ring,
          minmay_slime_entry_oklob_enclosed, nicolae_lair_lakeside_cave,
          lemuel_fruit_fields
Shoals:1: nicolae_shoals_aurelia_aurita, layout_shoals, ebering_ghost_xom,
          nicolae_shoals_lost_giant_baths, uniq_louise, uniq_roxanne
Shoals:2: layout_shoals, nicolae_shoals_circle_sea_wall,
          nicolae_shoals_flooded_hall
Shoals:3: layout_shoals, nicolae_shoals_this_corrosion
Shoals:4: shoals_end_grunt_garden, layout_shoals, serial_shops, shop
Snake:1:  layout_grid_maze
Snake:2:  layout_basic, uniq_asterion, uniq_aizul
Snake:3:  layout_basic
Snake:4:  grunt_snake_rune_pools, layout_cave_town, st_stairs_7,
          nicolae_shop_self_help, grunt_megastairs_1, lemuel_fruit_tree
Orc:1:    hellmonk_paralyzer, layout_caves, elf_legates, uniq_nergalle
Orc:2:    st_orc_rangers, layout_caves, uniq_saint_roka
Vaults:1: v_alt_pattern_2, v_alt_pattern_3, hangedman_vaults_stagger,
          ontoclasm_vaults_tryst, v_alt_pattern_5, ontoclasm_vaults_pinch,
          ontoclasm_vaults_eye, v_alt_pattern_4, vaults_room_pool,
          nicolae_vaults_ninety_degrees, layout_vaults_big_room,
          nicolae_trove_entry_diagonal, serial_shops, shop
Vaults:2: nicolae_vaults_angled_halls, grunt_vaults_trifunnel,
          ontoclasm_vaults_idyll, st_quartered_hall, v_rooms_5,
          grunt_vaults_funnel, vaults_dpeg_hooks,
          nicolae_vaults_border_crossing, v_pattern_1, grunt_vaults_swirl,
          grunt_vaults_hallway_short, grunt_vaults_diagonal,
          vaults_dpeg_diagonal, layout_vaults_omnicross, uniq_boris, uniq_mennas

Skill      XL: |  1  2  3  4  5  6  7  8  9 10 11 12 13 14 15 16 17 18 19 |
---------------+----------------------------------------------------------+-----
Transmutations | 3 4 5 6 9 12 13 | 13.3
Spellcasting   | 3 4 5 7 9 10 11 | 11.4
Ice Magic      | 2 3 4 6 |  6.9
Dodging        | 3 4 5 6 8 9 15 17 | 17.9
Fighting       | 3 4 7 9 11 12 13 | 13.5
Unarmed Combat | 5 8 10 11 12 13 14 | 14.6
Stealth        | 3 |  3.4
Evocations     | 3 7 9 |  9.0
Earth Magic    | 3 8 11 | 11.4
Hexes          | 8 9 |  9.1
Conjurations   | 3 |  3.8
Fire Magic     | 3 |  3.8

Action                     |  1- 3 |  4- 6 |  7- 9 | 10-12 | 13-15 | 16-18 | 19-21 || total
---------------------------+-------+-------+-------+-------+-------+-------+-------++-------
  Melee: Unarmed           |    81 |   108 |   203 |   518 |   745 |   628 |   160 ||  2443
         Kick              |    22 |    18 |     2 |       |       |       |       ||    42
         Tentacles         |    13 |     8 |     3 |     1 |       |    19 |       ||    44
         Constrict         |    25 |    14 |     2 |     1 |       |    17 |       ||    59
         Punch             |     4 |     1 |       |       |    34 |    64 |    24 ||   127
         Tailslap          |       |       |       |       |    83 |   103 |    31 ||   217
         Bite              |       |       |       |       |    57 |    76 |    22 ||   155
         Rapier            |       |       |       |       |       |    77 |       ||    77
   Cast: Beastly Appendage |    22 |    15 |     2 |       |       |       |       ||    39
         Ice Form          |       |     9 |    31 |    90 |    33 |       |       ||   163
         Apportation       |       |       |       |     6 |       |       |       ||     6
         Dragon Form       |       |       |       |       |    73 |    99 |    11 ||   183
         Borgnjor's Vile C |       |       |       |       |       |    21 |     3 ||    24
         Statue Form       |       |       |       |       |       |    12 |       ||    12
         Portal Projectile |       |       |       |       |       |     6 |       ||     6
         Enfeeble          |       |       |       |       |       |     1 |     2 ||     3
 Invoke: Curse Item        |       |     1 |       |     2 |     4 |     2 |       ||     9
         Shatter the Chain |       |       |       |       |     1 |       |       ||     1
Ability: Breathe Fire      |       |       |       |       |    33 |    16 |     3 ||    52
  Evoke: Wand              |       |       |     3 |    33 |     9 |       |       ||    45
         Lightning rod     |       |       |       |       |     1 |       |       ||     1
    Use: Scroll            |       |       |     6 |     9 |     3 |     2 |     1 ||    21
         Potion            |       |       |     3 |     5 |     3 |     1 |     4 ||    16
   Stab: Sleeping          |     9 |       |     2 |     3 |     5 |    10 |       ||    29
         Invisible         |       |       |       |       |     3 |       |       ||     3
         Distracted        |       |       |       |       |     2 |     1 |       ||     3
 Armour: Skin              |     8 |    26 |    39 |   171 |   283 |   292 |   125 ||   944
  Dodge: Dodged            |    58 |    80 |    86 |   289 |   446 |   593 |   189 ||  1741

Table legend: (Time is in decaauts)
 A = Elapsed time spent in this place.
 B = Non-inter-level travel time spent in this place.
 C = Inter-level travel time spent in this place.
 D = Time resting spent in this place.
 E = Time spent auto-exploring this place.
 F = Levels seen in this place.
 G = Mean time per level.
                   A        B        C        D        E       F      G
               +--------+--------+--------+--------+--------+-----+--------+
         Total |  46515 |  43968 |   2547 |   8442 |  25532 |  34 | 1368.1 |
       Dungeon |  20200 |  18852 |   1348 |   3129 |  11844 |  15 | 1346.7 |
          Lair |   8477 |   7916 |    561 |   1607 |   4255 |   5 | 1695.4 |
        Shoals |   6286 |   6087 |    199 |   1512 |   3108 |   4 | 1571.5 |
     Snake Pit |   5176 |   4911 |    265 |    789 |   3213 |   4 | 1294.0 |
  Orcish Mines |   3066 |   2937 |    129 |    678 |   1524 |   2 | 1533.0 |
        Vaults |   2153 |   2109 |     44 |    525 |   1172 |   2 | 1076.5 |
      Ice Cave |    627 |    627 |      0 |    104 |    217 |   1 |  627.0 |
      Gauntlet |    527 |    527 |      0 |     97 |    199 |   1 |  527.0 |
               +--------+--------+--------+--------+--------+-----+--------+

Top non-repeatable levels by time:
    D:10: 2594 daAuts
     D:9: 2131 daAuts
  Lair:5: 1884 daAuts
     D:3: 1860 daAuts
Vaults:1: 1802 daAuts
  Lair:3: 1772 daAuts
  Lair:2: 1768 daAuts
  Lair:1: 1690 daAuts
Shoals:4: 1690 daAuts
Shoals:2: 1596 daAuts
   Orc:1: 1588 daAuts
Shoals:3: 1519 daAuts
Shoals:1: 1480 daAuts
   Orc:2: 1477 daAuts
     D:7: 1436 daAuts
